 Dungeon Crawl Stone Soup version 0.18.1-48-g4cf74bf (webtiles) character file.

21 MBI the Ducker (level 2, -1/14 HPs)
             Began as a Felid Berserker on July 6, 2016.
             Was a Follower of Trog.
             Shot with a stone by a goblin (2 damage)
             ... on level 2 of the Dungeon.
             The game lasted 00:04:09 (781 turns).

MBI the Ducker (Felid Berserker)                     Turns: 781, Time: 00:04:10

Health: -1/14      AC:  1    Str: 13    XL:     2   Next: 62%
Magic:  3/3        EV: 19    Int:  8    God:    Trog [*.....]
Gold:   55         SH:  0    Dex: 15    Spells: 0 memorised, 1 level left
                                        Lives:  0   Deaths: 0

rFire  . . .     SeeInvis +       - Unarmed
rCold  . . .     Gourm    .     (armour unavailable)
rNeg   . . .     Faith    +     (shield unavailable)
rPois  .         Spirit   .     (helmet unavailable)
rElec  .         Dismiss  .     (cloak unavailable)
rCorr  .         Reflect  .     (gloves unavailable)
SustAt .         Harm     .     (boots unavailable)
MR     .....                    c - amulet of faith
Stlth  ++........               (no ring)
                                (no ring)

@: quick, not resistant to hostile enchantments, unstealthy
A: no armour, no weapons or thrown items, claws 1, fangs 3, see invisible,
carnivore 3, speed 1, shaggy fur 1, slow metabolism 1, sharp paws
a: Berserk, Burn Spellbooks, Renounce Religion


You were on level 2 of the Dungeon.
You worshipped Trog.
Trog was aware of your devotion.
You were completely stuffed.

You visited 1 branch of the dungeon, and saw 2 of its levels.

You collected 55 gold pieces.

Inventory:

Jewellery
 c - an amulet of faith (around neck)
 j - an uncursed ring of ice {unknown}
Scrolls
 b - a scroll of immolation {unknown}
 f - a scroll of blinking {unknown}
 g - a scroll of magic mapping
 i - 2 scrolls of recharging {unknown}
Potions
 d - a potion of ambrosia {unknown}
 e - a potion of brilliance {unknown}
 k - a potion of magic {unknown}
Comestibles
 a - 2 meat rations
 h - 5 chunks of flesh


   Skills:
 + Level 3.2 Fighting
 + Level 4.2 Dodging
 * Level 1.3 Stealth
 + Level 3.4 Unarmed Combat


You had one spell level left.
You didn't know any spells.

Dungeon Overview and Level Annotations

Branches:
Dungeon (2/15)

Altars:


Innate Abilities, Weirdness & Mutations

You cannot wear armour.
You are incapable of wielding weapons or throwing items.
You have sharp claws.
You have razor-sharp teeth.
You have supernaturally acute eyesight.
You are carnivorous and can eat meat at any time.
You cover ground quickly.
You are covered in fur (AC +1).
You have a slow metabolism.
Your sharp claws are effective at attacking unaware monsters.


Message History

A goblin comes into view. It is wielding a dagger.
Found a mace.
There is an open door here.
The goblin shouts!
The goblin unwields an uncursed dagger.
The goblin wields a hunting sling.
The goblin shoots a stone.
The stone hits you.
Found a scroll labeled YQID XUGHUUNOGG.
You see here a stone.
The goblin unwields an uncursed hunting sling.
The goblin wields an uncursed dagger.
The goblin hits you with an uncursed dagger.
* * * LOW HITPOINT WARNING * * *
You scratch the goblin but do no damage.
Your bite misses the goblin.
The goblin hits you with an uncursed dagger.
* * * LOW HITPOINT WARNING * * *
The goblin unwields an uncursed dagger.
The goblin wields an uncursed hunting sling.
The goblin shoots a stone.
The stone hits you.
You die...

.######.##...#..........
.# #........(..# .#
##########'## .# #.# .#
#.# .# ######'### ##
#........# #.....(..#
#.....@..+ #........#
#....g...# #........#
#.....)..# #........#
#.......?# ##########


You could see a goblin.

Vanquished Creatures
  2 dart slugs (D:1)
  2 giant geckos
  3 bats
  A giant cockroach (D:1)
  2 goblins
  2 giant newts (D:1)
  2 kobolds
14 creatures vanquished.

Notes
Turn   | Place    | Note
--------------------------------------------------------------
     0 | D:1      | MBI the Felid Berserker began the quest for the Orb.
     0 | D:1      | Reached XP level 1. HP: 10/10 MP: 2/2
   216 | D:1      | Reached skill level 1 in Stealth
   456 | D:1      | Reached XP level 2. HP: 14/14 MP: 3/3
   781 | D:2      | Shot with a stone by a goblin

Skill      XL: |  1 |
---------------+----+-----
Stealth        | 1 |  1.3
Fighting       | |  3.2
Dodging        | |  4.2
Unarmed Combat | |  3.4

Action                   || total
-------------------------++-------
Melee: Unarmed           ||    44
       Bite              ||     5
  Use: Scroll            ||     1
  Eat: Chunk             ||     7
Armor: Skin              ||     3
Dodge: Dodged            ||    29
